AoeStats
← Olafo

Golden Pit

509617037Analyzed
1v1 RM · 3d ago on Sep 27, 2026· 74m 25s· 2 players
Game mode
Random Map
Map size
Tiny (2 player)
Population
200
Speed
Normal
Resources
Standard
Victory
Conquest
Starting age
Dark Age
Ending age
Imperial Age
RankedLock teamsTeams togetherTeam positionsShared explorationLock speedFull tech treeHidden civsTurbo modeCheats
Victory
Defeat
🇪🇸 Vietnamese · Spain
401
+15
🇪🇸 Ethiopians · Spain
378
-15
DaviciN04
5:19 Loom
9:58 Feudal Age
11:41 Wheelbarrow
11:08 Double-Bit Axe
12:37 Horse Collar
13:49 Gold Mining
15:55 Stone Mining
22:15 Castle Age
25:09 Stone Shaft Mining
25:21 Bow Saw
25:56 Squires
26:21 Hand Cart
30:41 Gold Shaft Mining
33:28 Crossbowman
41:58 Imperial Age
40:55 Scale Mail Armor
41:03 Scale Barding Armor
69:42 Man-at-Arms
72:17 Elite Shotel Warrior
72:52 Long Swordsman
72:56 Elite Skirmisher
Olafo
10:40 Feudal Age
18:33 Horse Collar
23:28 Castle Age
35:51 Imperial Age
34:01 Double-Bit Axe
37:49 Heavy Plow
39:50 Chemistry
40:26 Squires
42:29 Murder Holes
58:51 Bow Saw
69:03 Elite Rattan Archer
Connection lost

Rejoining the realm…

Still unreachable

The connection could not be restored.

Session expired

The server has moved on; the page needs a fresh start.